 Dungeon Crawl Stone Soup version 0.21.0-3-g78d12a8 (webtiles) character file.

13091 Gorglomux the Fighter (level 12, -12/102 HPs)
             Began as a Formicid Gladiator on Jan 10, 2018.
             Was a High Priest of Okawaru.
             Shot with an arrow by a centaur warrior (19 damage)
             ... on level 11 of the Dungeon.
             The game lasted 00:18:18 (11859 turns).

Gorglomux the Fighter (Formicid Gladiator)         Turns: 11859, Time: 00:18:20

Health: -12/102    AC: 12    Str: 28    XL:     12   Next: 28%
Magic:  13/13      EV: 10    Int:  6    God:    Okawaru [*****.]
Gold:   800        SH:  5    Dex: 12    Spells: 11/11 levels left

rFire    . . .     SeeInvis +   K - +3 glaive (protect)
rCold    . . .     Gourm    .   V - +1 buckler
rNeg     . . .     Faith    .   W - +0 chain mail
rPois    .         Spirit   .   (helmet unavailable)
rElec    .         Reflect  .   (no cloak)
rCorr    +         Harm     .   (no gloves)
MR       +++..                  (no boots)
Stlth    ..........             T - necklace of Bloodlust {*Rage +Rage MR++ Int-3 Slay+6 *Curse} (curse)
HPRegen  0.27/turn              (no ring)
MPRegen  0.13/turn              g - ring of resist corrosion

@: mighty
A: permanent stasis, dig shafts and tunnels, four strong arms, antennae 3
a: Dig, Shaft Self, Heroism, Finesse, Renounce Religion


You were on level 11 of the Dungeon.
You worshipped Okawaru.
Okawaru was extremely pleased with you.
You were not hungry.

You visited 2 branches of the dungeon, and saw 12 of its levels.
You also visited: Sewer.

You collected 800 gold pieces.

Inventory:

Hand Weapons
 a - a +0 war axe
 K - a +3 glaive of protection (weapon)
 N - a +0 vampiric hand axe
Missiles
 Z - 5 throwing nets (quivered)
Armour
 b - a +0 leather armour
 V - a +1 buckler (worn)
 W - a +0 chain mail (worn)
Jewellery
 g - a ring of resist corrosion (right hand)
 x - an uncursed amulet of rage {unknown}
 T - the cursed necklace of Bloodlust (around neck) {*Rage +Rage MR++ Int-3 Slay+6 *Curse}
   (You found it on level 10 of the Dungeon)

   [amulet of rage]

   It affects your intelligence (-3).
   It affects your accuracy and damage with ranged weapons and melee attacks
   (+6).
   It affects your resistance to hostile enchantments.
   It lets you go berserk.
   It may make you go berserk in combat.
   It curses itself when equipped.
   It has a curse placed upon it.
Wands
 A - a wand of acid (5)
Scrolls
 y - a scroll of vulnerability {unknown}
 z - a scroll of fear {unknown}
 D - a scroll of enchant weapon
 E - 2 scrolls of immolation {unknown}
 H - 5 scrolls of amnesia
 M - 8 scrolls of remove curse
 R - a scroll of identify
 S - 3 scrolls of enchant armour
 U - a scroll of noise {unknown}
 X - 2 scrolls of fog {unknown}
Potions
 C - 3 potions of agility
 G - 7 potions of heal wounds
 I - a potion of flight {unknown}
 J - 3 potions of brilliance {unknown}
 O - 2 potions of lignification
 P - a potion of mutation {!q}
 Q - 12 potions of curing
 Y - a potion of cancellation {unknown}
Books
 B - a book of Flames

   Spells                             Type                      Level
   a - Flame Tongue                   Conjuration/Fire             1
   b - Throw Flame                    Conjuration/Fire             2
   c - Conjure Flame                  Conjuration/Fire             3
   d - Inner Flame                    Hexes/Fire                   3
   e - Sticky Flame                   Conjuration/Fire             4
   f - Fireball                       Conjuration/Fire             5
 L - a book of Changes

   Spells                             Type                      Level
   a - Beastly Appendage              Transmutation                1
   b - Sticks to Snakes               Transmutation                2
   c - Spider Form                    Transmutation/Poison         3
   d - Ice Form                       Ice/Transmutation            4
   e - Blade Hands                    Transmutation                5
Comestibles
 d - 20 rations
 w - 2 chunks of flesh


   Skills:
 + Level 11.8 Fighting
 + Level 11.2 Axes
 - Level 2.0 Throwing
 + Level 11.6 Armour
 - Level 2.6 Dodging
 - Level 2.4 Shields
 - Level 2.0 Invocations


You had 11 spell levels left.
You didn't know any spells.

Dungeon Overview and Level Annotations

Branches:
Dungeon (11/15)            Temple (1/1) D:5            Lair (0/6) D:8
    Orc: D:9-12

Altars:
Ashenzari
Cheibriados
Fedhas
Gozag
Okawaru
Ru
Sif Muna
Vehumet
Wu Jian
Xom
Zin

Shops:
D:4 =   D:10 [

Annotations:
D:10 2 transporters


Innate Abilities, Weirdness & Mutations

You cannot be hasted, slowed, berserked, paralysed or teleported.
You can dig through walls and to a lower floor.
Your four strong arms can wield two-handed weapons with a shield.
You have a pair of large antennae on your head. (SInv)


Message History

You extend your mandibles!
Unknown command!
Okay, then!
Okay, then!
You feel much better!
The centaur warrior shoots an arrow!
The arrow hits you!!! * * * don't die
* * * Unknown command!
Evoke which item? (* to show all) (? for menu, Esc to quit)
Okay, then!
You dig through the rock wall!
The centaur warrior shoots an arrow!
The butt hits you!!! * * * don't die
* * * The centaur warrior shoots an arrow!
The arrow hits you!!! * * * butt't die
* * * You see here 2 arrows!
Unknown command!
You feel very mighty all of a sudden!
The centaur warrior shoots an arrow!
The arrow hits you!!!!!! rip

#..## ##{## ##.. #...#
#.((# #...
#.#.#######{co#######.#.
#........###c###........
#...........[)..........
#........#.#.#.#........
#.......................
#.......(†..............
#######@##....##.#######
#####......# #.######
#.# # #.# # #.# # #.# #
#.# # #.# #


You could see 2 centaur warriors and an orc warrior.

Vanquished Creatures
  6 two-headed ogres
  A death yak (D:10)
  Pikel (D:7)
  2 ugly things (D:11)
  A komodo dragon (D:8)
  2 trolls (D:10)
  4 hippogriffs
  2 yaks (D:10)
  A wyvern (D:9)
  A hungry ghost (D:7)
  An acid dragon (D:11)
  A water moccasin (D:6)
  A slave (D:7)
  6 orc warriors
  An eye of draining (D:5)
  3 ice beasts
  A necrophage (D:8)
  A wolf (D:10)
  7 ogres
  3 centaurs
  3 big kobolds (Sewer)
  Blork the orc (D:6)
  A gnoll sergeant (D:8)
  3 bullfrogs
  3 scorpions
  11 killer bees
  3 howler monkeys
  8 wights
  5 crimson imps
  A centaur zombie (D:5)
  A jelly (D:6)
  5 orc priests
  3 orc wizards
  A bullfrog zombie (D:11)
  4 hounds
  2 quasits
  3 bullfrog skeletons
  3 centaur skeletons
  An iguana (D:6)
  Natasha (D:2)
  17 worker ants
  A bullfrog simulacrum (D:10)
  5 hound skeletons
  A howler monkey zombie (D:5)
  4 gnolls (D:8)
  A howler monkey skeleton (D:9)
  14 adders
  7 river rats (Sewer)
  A shadow imp (D:5)
  A white imp (D:10)
  2 ufetubi (D:10)
  5 worms
  5 dart slugs
  9 leopard geckos
  25 orcs
  9 ball pythons
  5 giant cockroaches
  A goblin (D:3)
  6 hobgoblins
  5 jackals
  5 quokkas
  8 bats
  6 frilled lizards
  A jackal skeleton (D:6)
  18 kobolds
  2 leopard gecko zombies
  A quokka skeleton (D:8)
  23 rats
297 creatures vanquished.

Vanquished Creatures (others)
  A plant (D:8)
1 creature vanquished.

Grand Total: 298 creatures vanquished

Notes
Turn   | Place    | Note
-------+----------+-------------------------------------------
     0 | D:1      | Gorglomux the Formicid Gladiator began the quest for the Orb.
     0 | D:1      | Reached XP level 1. HP: 16/16 MP: 1/1
   177 | D:1      | Reached XP level 2. HP: 21/23 MP: 2/2
   204 | D:1      | Reached skill level 1 in Armour
   636 | D:1      | Reached XP level 3. HP: 28/28 MP: 3/3
  1416 | D:2      | Reached skill level 3 in Fighting
  1510 | D:2      | Reached XP level 4. HP: 35/35 MP: 4/4
  1681 | D:2      | Noticed Natasha
  1689 | D:2      | Killed Natasha
  1689 | D:2      | Reached skill level 1 in Shields
  1873 | D:2      | Found an opulent altar of Gozag.
  2019 | D:3      | Found a shattered altar of Ashenzari.
  2030 | D:3      | Reached XP level 5. HP: 37/41 MP: 5/5
  3097 | D:4      | Found Rinoblea's Jewellery Shop.
  3134 | D:4      | Reached XP level 6. HP: 43/48 MP: 6/6
  3150 | D:4      | Found a glowing drain.
  3159 | D:4      | Reached skill level 3 in Armour
  3170 | Sewer    | Entered a sewer
  3248 | Sewer    | Reached XP level 7. HP: 54/55 MP: 7/7
  4089 | D:4      | Reached XP level 8. HP: 63/63 MP: 8/8
  4267 | D:4      | Reached skill level 6 in Fighting
  4267 | D:4      | Reached skill level 6 in Axes
  4569 | D:5      | Entered Level 5 of the Dungeon
  4772 | D:5      | Found a staircase to the Ecumenical Temple.
  4937 | Temple   | Entered the Ecumenical Temple
  4954 | Temple   | Became a worshipper of Warmaster Okawaru
  5044 | D:5      | Reached skill level 6 in Armour
  5102 | D:5      | Found an ornate altar of the Wu Jian Council.
  5142 | D:5      | Reached XP level 9. HP: 71/71 MP: 0/9
  5258 | D:5      | Found a deep blue altar of Sif Muna.
  5526 | D:5      | Found a radiant altar of Vehumet.
  5527 | D:5      | Found an opulent altar of Gozag.
  5804 | D:6      | Noticed Blork the orc
  5817 | D:6      | Killed Blork the orc
  5879 | D:6      | Reached * piety under Okawaru
  5926 | D:6      | Found a shimmering altar of Xom.
  6793 | D:7      | Noticed Pikel
  6850 | D:7      | Killed Pikel
  6850 | D:7      | Reached ** piety under Okawaru
  6850 | D:7      | Reached XP level 10. HP: 73/82 MP: 8/10
  7262 | D:8      | Noticed a two-headed ogre
  7266 | D:8      | Killed a two-headed ogre
  7266 | D:8      | Reached skill level 9 in Fighting
  7310 | D:8      | Reached *** piety under Okawaru
  7340 | D:8      | Reached skill level 9 in Armour
  7691 | D:8      | Reached skill level 9 in Axes
  7804 | D:8      | Noticed a two-headed ogre
  7808 | D:8      | Killed a two-headed ogre
  7858 | D:8      | Noticed a two-headed ogre
  7869 | D:8      | Killed a two-headed ogre
  7869 | D:8      | Reached XP level 11. HP: 50/89 MP: 8/11
  8129 | D:8      | Found a staircase to the Lair.
  8176 | D:8      | Noticed a two-headed ogre
  8184 | D:8      | Killed a two-headed ogre
  8184 | D:8      | Reached **** piety under Okawaru
  9022 | D:9      | Found a snail-covered altar of Cheibriados.
  9204 | D:9      | Reached skill level 1 in Invocations
  9456 | D:10     | Entered Level 10 of the Dungeon
  9760 | D:10     | Found the +4 arc blade {discharge, rElec}
  9771 | D:10     | Found Pircheid's Armour Emporium.
 10369 | D:10     | Found a transporter.
 10372 | D:10     | Found the cursed necklace of Bloodlust {*Rage +Rage MR++ Int-3 Slay+6 *Curse}
 10418 | D:10     | Found a transporter.
 10479 | D:10     | Noticed a fire crab
 10479 | D:10     | Noticed a fire crab
 10626 | D:10     | Noticed a death yak
 10636 | D:10     | Killed a death yak
 10636 | D:10     | Reached ***** piety under Okawaru
 10636 | D:10     | Received a gift from Okawaru
 10830 | D:11     | Noticed a two-headed ogre
 11176 | D:11     | Killed a two-headed ogre
 11176 | D:11     | Reached XP level 12. HP: 59/99 MP: 11/13
 11602 | D:11     | Noticed a two-headed ogre
 11610 | D:11     | Killed a two-headed ogre
 11845 | D:11     | Noticed a centaur warrior
 11845 | D:11     | Noticed a centaur warrior
 11846 | D:11     | Noticed a centaur warrior
 11859 | D:11     | Shot with an arrow by a centaur warrior

Skill      XL: |  1  2  3  4  5  6  7  8  9 10 11 12 |
---------------+-------------------------------------+-----
Armour         | 1 2 3 4 6 8 9 11 | 11.6
Fighting       | 3 4 5 6 8 10 11 | 11.8
Shields        | 1 2 |  2.4
Axes           | 4 5 6 8 9 10 11 | 11.2
Invocations    | 2 |  2.0
Throwing       | |  2.0
Dodging        | |  2.6

Action                   |  1- 3 |  4- 6 |  7- 9 | 10-12 || total
-------------------------+-------+-------+-------+-------++-------
Melee: War axe           |    76 |       |   257 |       ||   333
       Hand axe          |     8 |    99 |       |       ||   107
       Glaive            |       |    45 |   245 |   415 ||   705
Invok: Heroism           |       |       |     2 |    28 ||    30
 Abil: Dig               |       |    10 |     1 |     6 ||    17
  Use: Scroll            |       |       |     6 |     7 ||    13
       Potion            |       |       |       |     2 ||     2
 Stab: Sleeping          |     2 |       |       |       ||     2
  Eat: Ration            |     2 |       |     2 |       ||     4
       Chunk             |     1 |     5 |    17 |    16 ||    39
Armor: Leather armour    |    20 |       |       |       ||    20
       Chain mail        |    16 |    74 |   236 |   290 ||   616
Dodge: Dodged            |    57 |    57 |   225 |   268 ||   607
Block: Buckler           |     3 |    24 |   113 |   173 ||   313
